 Dungeon Crawl Stone Soup version 0.30-a0-377-g5cb311bc9f (webtiles) character file.

Game seed: 5118432331917505539

82 SmokeWeed the Firebug (level 4, -3/34 HPs)
             Began as a Draconian Fire Elementalist on Nov 28, 2022.
             Was an Initiate of Dithmenos.
             Slain by a starcursed mass (7 damage)
             ... on level 1 of the Abyss.
             The game lasted 00:14:45 (2922 turns).

SmokeWeed the Firebug (Draconian Fire Elementalist) Turns: 2922, Time: 00:14:46

Health: -3/34      AC:  5    Str: 16    XL:     4   Next: 21%
Magic:  5/7        EV: 12    Int: 18    God:    Dithmenos [......]
Gold:   182        SH:  0    Dex: 11    Spells: 5/8 levels left

rFire   . . .      SeeInvis .    o - staff of poison
rCold   . . .      Faith    .    (no shield)
rNeg    . . .      Spirit   .    (body armour unavailable)
rPois   +          Reflect  .    (helmet restricted)
rElec   .          Harm     .    (no cloak)
rCorr   .          Rampage  .    (no gloves)
Will    .....                    (no boots)
Stlth   ++........               (no amulet)
HPRegen 0.25/turn                b - +6 ring of strength
MPRegen 0.10/turn                (no ring)

@: no status effects
A: AC +5, unfitting armour, cold-blooded
a: Renounce Religion


You were on level 1 of the Abyss.
You worshipped Dithmenos.
Dithmenos was noncommittal.
You visited 1 branch of the dungeon, and saw 4 of its levels.
You visited the Abyss 1 time.

You collected 182 gold pieces.

Inventory:

Hand Weapons
 e - a +0 flail
 i - a +0 sling
 j - a +2 dagger of speed
Missiles
 f - 3 curare-tipped darts
 n - 5 poisoned darts
Magical Staves
 o - a staff of poison (weapon)
Jewellery
 b - a +6 ring of strength (left hand)
Scrolls
 c - 4 scrolls of teleportation
 h - a scroll of noise {unknown}
 m - a scroll of immolation {unknown}
 r - a scroll of vulnerability {unknown}
 u - a scroll of identify
Potions
 a - a potion of magic
 d - 2 potions of might
 g - 4 potions of curing {unknown}
 k - a potion of lignification {unknown}
 l - a potion of mutation {unknown}
 p - 2 potions of degeneration {unknown}
 q - a potion of ambrosia {unknown}
 s - a potion of brilliance {unknown}
 t - 3 potions of heal wounds {unknown}


   Skills:
 + Level 0.6 Fighting
 + Level 0.2 Short Blades
 - Level 1.0 Maces & Flails
 + Level 0.1(0.5) Staves
 + Level 2.1 Dodging
 + Level 2.2 Stealth
 + Level 2.5 Spellcasting
 + Level 1.4 Conjurations
 + Level 3.6 Fire Magic


You had 5 spell levels left.
You knew the following spells:

 Your Spells              Type           Power      Damage    Failure   Level
a - Foxfire               Conj/Fire      44%        2x1d6     6%          1
b - Scorch                Fire           30%        2d7       6%          2

Your spell library contained the following spells:

 Spells                   Type           Power      Damage    Failure   Level
 Inner Flame              Hex/Fire       8%         N/A       24%         3
 Kindle Blastsparks       Fire/Tloc/Air  12%        2d11      30%         3
 Call Canine Familiar     Summ           2%         N/A       45%         3
 Portal Projectile        Hex/Tloc       4%         N/A       45%         3
 Flame Wave               Conj/Fire      11%        2d6       52%         4
 Cause Fear               Hex            1%         N/A       86%         4
 Leda's Liquefaction      Hex/Erth       1%         N/A       86%         4
 Discord                  Hex            1%         N/A       100%        8


Dungeon Overview and Level Annotations

Branches:
Dungeon (4/15)
 Temple: D:4-7

Altars:
Dithmenos
Nemelex Xobeh


Innate Abilities, Weirdness & Mutations

Your plain brown scales are hard. (AC +5)
You cannot fit into any form of body armour.
You are cold-blooded and may be slowed by cold attacks.


Message History

HP restored.
Magic restored.
A starcursed mass comes into view.
You conjure some foxfire!
A starcursed mass splits.
A starcursed mass is nearby!
You conjure some foxfire!
There is not enough space to conjure foxfire!
There is not enough space to conjure foxfire!
There is not enough space to conjure foxfire!
There is not enough space to conjure foxfire!
There is not enough space to conjure foxfire!
There is not enough space to conjure foxfire!
The foxfire hits the starcursed mass but does no damage. x2
The starcursed mass shrieks in your mind.
You conjure some foxfire!
A starcursed mass splits.
Unknown command.
The foxfire hits the starcursed mass but does no damage. x2
A starcursed mass splits.
A chorus of shrieks assaults your mind. The starcursed mass barely misses you.
You hit the starcursed mass but do no damage.
You tail-slap the starcursed mass, but do no damage.
The starcursed mass touches you but does no damage.
The starcursed mass touches you but does no damage.
A starcursed mass splits.
The starcursed mass closely misses you.
You hit the starcursed mass.
The starcursed mass is lightly damaged.
The starcursed mass shudders and is absorbed by its neighbour.
The starcursed mass barely misses you.
The starcursed mass completely misses you.
The starcursed mass attacks as you move away!
The starcursed mass touches you.
A starcursed mass splits.
A chorus of shrieks assaults your mind.
* * * LOW HITPOINT WARNING * * *
The starcursed mass attacks as you move away!
The starcursed mass touches you.
* * * LOW HITPOINT WARNING * * *
The starcursed mass attacks as you move away!
The starcursed mass touches you!
You die...

.. #. .. #
. #.#. .##
### ..#####
.....#....#
#..@#.#
####XX#
#XX# #..#
#.## ##8#
... ⌠....
..#..#


You could see 4 starcursed masses.

Vanquished Creatures
  2 adders
  A worm (D:2)
  A dart slug (D:1)
  An orc (D:3)
  5 bats
  5 endoplasms
  3 giant cockroaches
  6 goblins
  3 hobgoblins
  7 jackals
  3 quokkas
  4 ball pythons
  5 frilled lizards (D:1)
  2 kobolds
  5 rats (D:1)
53 creatures vanquished.

Vanquished Creatures (others)
  100 foxfires
100 creatures vanquished.

Grand Total: 153 creatures vanquished

Notes
Turn   | Place    | Note
-------+----------+-------------------------------------------
     0 | D:1      | SmokeWeed the Draconian Fire Elementalist began the quest
                  | for the Orb.
     0 | D:1      | Reached XP level 1. HP: 14/14 MP: 3/3
   201 | D:1      | Reached XP level 2. HP: 20/20 MP: 1/5
   607 | D:1      | Reached skill level 1 in Maces & Flails
   774 | D:1      | Reached XP level 3. HP: 25/26 MP: 6/6
  1124 | D:2      | Identified the +1 helmet "Ixtash" {rF+}
  2428 | D:3      | Reached XP level 4. HP: 29/34 MP: 7/7
  2445 | D:3      | Learned a level 2 spell: Scorch
  2712 | D:3      | Found a shadowy altar of Dithmenos.
  2712 | D:3      | Found a sparkling altar of Nemelex Xobeh.
  2724 | D:3      | Became a worshipper of Dithmenos the Shadowed
  2850 | Abyss:1  | Cast into level 1 of the Abyss (orc wizard)
  2904 | Abyss:1  | Noticed a starcursed mass
  2922 | Abyss:1  | Slain by a starcursed mass

Illustrated notes

Levels and vault maps discovered:
D:1:      eino_arrival_water_star, layout_loops_ring
D:2:      layout_loops_cross
D:3:      layout_loops_ring, amethyst_overflow_temple_binary
D:4:      layout_loops_ring
Abyss:1:  base: D:2, hangedman_abyss_lost_library

Skill      XL: |  1  2 |
---------------+-------+-----
Dodging        | 2 |  2.1
Stealth        | 2 |  2.2
Maces & Flails | 1 |  1.0
Fighting       | |  0.6
Short Blades   | |  0.2
Staves         | |  0.1
Spellcasting   | |  2.5
Conjurations   | |  1.4
Fire Magic     | |  3.6

Action                   |  1- 3 |  4- 6 || total
-------------------------+-------+-------++-------
Melee: Flail             |    18 |       ||    18
       Dagger            |    36 |       ||    36
       Staff             |    22 |     9 ||    31
       Tailslap          |     7 |     1 ||     8
 Cast: Foxfire           |    69 |    10 ||    79
       Scorch            |       |     1 ||     1
  Use: Scroll            |     4 |       ||     4
 Stab: Sleeping          |     5 |       ||     5
Armor: Skin              |    25 |    10 ||    35
Dodge: Dodged            |    45 |    10 ||    55

Table legend: (Time is in decaauts)
 A = Elapsed time spent in this place.
 B = Non-inter-level travel time spent in this place.
 C = Inter-level travel time spent in this place.
 D = Time resting spent in this place.
 E = Time spent auto-exploring this place.
 F = Levels seen in this place.
 G = Mean time per level.
                   A        B        C        D        E       F      G
               +--------+--------+--------+--------+--------+-----+--------+
         Total |   2922 |   2721 |    201 |     24 |   2171 |   5 |  584.4 |
       Dungeon |   2850 |   2649 |    201 |     24 |   2114 |   4 |  712.5 |
         Abyss |     72 |     72 |      0 |      0 |     57 |   1 |   72.0 |
               +--------+--------+--------+--------+--------+-----+--------+

Top non-repeatable levels by time:
     D:1: 1078 daAuts
     D:2: 922 daAuts
     D:3: 843 daAuts
 Abyss:1: 72 daAuts
     D:4: 5 daAuts
